 Dungeon Crawl Stone Soup version 0.26.1-11-gd32895ea62 (webtiles) character file.

Game seed: 10540828419486495172

123 buriedalive the Chiller (level 4, -3/24 HPs)
             Began as a Deep Elf Ice Elementalist on June 18, 2021.
             Was an Initiate of Ashenzari.
             Slain by a bullfrog skeleton (7 damage)
             ... on level 3 of the Dungeon.
             The game lasted 00:03:58 (2425 turns).

buriedalive the Chiller (Deep Elf Ice Elementalist) Turns: 2425, Time: 00:03:59

Health: -3/24      AC:  2    Str:  5    XL:     4   Next: 80%
Magic:  1/10       EV: 15    Int: 21    God:    Ashenzari [......]
Gold:   98         SH:  0    Dex: 21    Spells: 2/9 levels left

rFire    . . .     SeeInvis .   j - +0 short sword (elec) (curse)
rCold    . . .     Faith    .   (no shield)
rNeg     . . .     Spirit   .   a - +0 robe
rPois    .         Reflect  .   (no helmet)
rElec    .         Harm     .   (no cloak)
rCorr    .         Rampage  .   (no gloves)
Will     .....                  (no boots)
Stlth    ++........             k - amulet of regeneration (curse)
HPRegen  0.48/turn              i - +6 ring of dexterity (curse)
MPRegen  0.12/turn              (no ring)

@: frozen ramparts
A: no striking features
a: Renounce Religion, Curse Item


You were on level 3 of the Dungeon.
You worshipped Ashenzari.
Ashenzari was noncommittal.
You visited 1 branch of the dungeon, and saw 3 of its levels.

You collected 98 gold pieces.

Inventory:

Hand Weapons
 c - a +0 short sword
 j - a cursed +0 short sword of electrocution (weapon)
Missiles
 g - 70 stones
 l - 8 poisoned darts
 r - 5 curare-tipped darts
Armour
 a - a +0 robe (worn)
Jewellery
 i - a cursed +6 ring of dexterity (left hand)
 k - a cursed amulet of regeneration (around neck)
Scrolls
 b - a scroll of enchant weapon {unknown}
 e - 3 scrolls of noise {unknown}
 m - a scroll of blinking {unknown}
 o - a scroll of remove curse
 p - a scroll of teleportation {unknown}
Potions
 d - 2 potions of brilliance {unknown}
 f - a potion of magic {unknown}
 h - a potion of mutation {unknown}
 n - a potion of resistance {unknown}
 q - a potion of heal wounds {unknown}


   Skills:
 + Level 4.6 Dodging
 - Level 2.4 Stealth
 - Level 3.0 Spellcasting
 + Level 5.7 Ice Magic


You had 2 spell levels left.
You knew the following spells:

 Your Spells              Type           Power        Failure   Level
a - Freeze                Ice            100%         1%          1
b - Frozen Ramparts       Ice            54%          3%          3
c - Ozocubu's Armour      Ice            27%          3%          3

Your spell library contained the following spells:

 Spells                   Type           Power        Failure   Level
 Hailstorm                Conj/Ice       15%          38%         4
 Summon Ice Beast         Ice/Summ       15%          38%         4


Dungeon Overview and Level Annotations

Branches:
Dungeon (3/15)

Altars:
Ashenzari
Cheibriados
Fedhas
Hepliaklqana
Kikubaaqudgha


Message History

You hit the bullfrog skeleton.
Lightning courses through the bullfrog skeleton!!
The bullfrog skeleton is severely damaged.
The bullfrog skeleton resists.
The wall freezes the bullfrog skeleton.
The bullfrog skeleton hits you.
The bullfrog skeleton completely resists.
The wall freezes the bullfrog skeleton but does no damage.
The bullfrog skeleton closely misses you.
You hit the bullfrog skeleton.
The bullfrog skeleton is severely damaged.
The bullfrog skeleton resists.
The wall freezes the bullfrog skeleton.
The bullfrog skeleton hits you.
* * * LOW HITPOINT WARNING * * *
Unknown command.
You hit the bullfrog skeleton.
The bullfrog skeleton is almost destroyed.
The bullfrog skeleton completely resists.
The wall freezes the bullfrog skeleton but does no damage.
The bullfrog skeleton hits you!
You die...

#. #..... .# .###.#..##.#
....##†..>#... #.
#..##......# #.#
#..#.>...### #.#
####.)..#...## #.#
#...)[..#....#####.
#.####.##Z##.#....).....
#.#....##@##.#........#
#.#.#####.##.#....... #.†.#
#.##......#..##
##...#####.####...##...#
#..#....##.###..#.##...###
#.#####........##.........#
#.# ####.#.####.##...##..
#.# #.#.........(.#### #.#
#.#.####.......)..


You could see a bullfrog skeleton.

Vanquished Creatures
  4 gnolls (D:2)
  2 adders
  An ooze (D:2)
  2 worms (D:2)
  2 leopard geckos
  4 orcs (D:3)
  5 bats
  6 giant cockroaches
  3 goblins
  5 hobgoblins
  2 jackals (D:3)
  5 frilled lizards
  8 kobolds
  7 rats
56 creatures vanquished.

Notes
Turn   | Place    | Note
-------+----------+-------------------------------------------
     0 | D:1      | buriedalive the Deep Elf Ice Elementalist began the quest
                  | for the Orb.
     0 | D:1      | Reached XP level 1. HP: 10/10 MP: 6/6
   533 | D:1      | Reached XP level 2. HP: 15/15 MP: 5/8
  1078 | D:2      | Reached skill level 5 in Ice Magic
  1078 | D:2      | Reached XP level 3. HP: 7/19 MP: 4/9
  1307 | D:2      | Found a snail-covered altar of Cheibriados.
  1312 | D:2      | Learned a level 3 spell: Frozen Ramparts
  1316 | D:2      | Learned a level 3 spell: Ozocubu's Armour
  1327 | D:2      | Found a hazy altar of Hepliaklqana.
  1355 | D:2      | Found a broken altar of Ashenzari.
  1359 | D:2      | Became a worshipper of Ashenzari the Shackled
  1558 | D:2      | Reached XP level 4. HP: 24/24 MP: 3/10
  1750 | D:2      | Found a blossoming altar of Fedhas.
  2274 | D:2      | Found an ancient bone altar of Kikubaaqudgha.
  2338 | D:3      | Noticed a centaur
  2425 | D:3      | Slain by a bullfrog skeleton

Illustrated notes

Levels and vault maps discovered:
D:1:      nicolae_arrival_somewhat_less_tricky_arrival, layout_loops_ring,
          roderic_serpentine_path
D:2:      layout_rooms, nicolae_overflow_quartered_altars, serial_rivers,
          chequers_serial_rivers_marsh, chequers_serial_rivers_micro_d,
          chequers_serial_rivers_micro_a, chequers_serial_rivers_small_a,
          chequers_serial_rivers_micro_e, chequers_serial_rivers_room_a,
          fedhas_altar_2
D:3:      layout_rooms

Skill      XL: |  1  2  3 |
---------------+----------+-----
Dodging        | 3 4 |  4.6
Ice Magic      | 5 |  5.7
Stealth        | |  2.4
Spellcasting   | |  3.0

Action                   |  1- 3 |  4- 6 || total
-------------------------+-------+-------++-------
Melee: Short sword       |    20 |    33 ||    53
       Unarmed           |     1 |       ||     1
 Cast: Freeze            |    36 |    27 ||    63
       Frozen Ramparts   |       |     1 ||     1
Invok: Curse Item        |     1 |     1 ||     2
 Stab: Sleeping          |     1 |     5 ||     6
Armor: Robe              |     5 |     7 ||    12
Dodge: Dodged            |    36 |    38 ||    74
